 Dungeon Crawl Stone Soup version 0.28.0-53-g5a82cb258f (webtiles) character file.

Game seed: 17561215444004701844

15 jamesblauser the Cudgeller (level 2, -2/18 HPs)
             Began as a Gargoyle Gladiator on Nov 5, 2022.
             Was a Follower of Kikubaaqudgha.
             Frozen to death by an endoplasm (5 damage)
             ... on level 1 of the Dungeon.
             The game lasted 00:06:52 (513 turns).

jamesblauser the Cudgeller (Gargoyle Gladiator)      Turns: 513, Time: 00:06:52

Health: -2/18      AC:  6    Str: 17    XL:     2   Next: 50%
Magic:  2/2        EV:  9    Int:  8    God:    Kikubaaqudgha [*.....]
Gold:   19         SH:  0    Dex: 11    Spells: 1/1 levels left

rFire   . . .      SeeInvis .   h - +0 dagger
rCold   . . .      Faith    .   (no shield)
rNeg    + . .      Spirit   .   b - +0 leather armour
rPois   ∞          Reflect  .   c - +0 helmet
rElec   +          Harm     .   (no cloak)
rCorr   .          Rampage  .   (no gloves)
Will    .....                   (no boots)
Stlth   +.........              (no amulet)
HPRegen 0.06/turn               (no ring)
MPRegen 0.08/turn               (no ring)

@: constricted
A: sickness immunity, AC +2, negative energy resistance 1, electricity
resistance, torment resistance 1, petrification resistance
a: Renounce Religion, Receive Corpses


You were on level 1 of the Dungeon.
You worshipped Kikubaaqudgha.
Kikubaaqudgha was aware of your devotion.
You visited 1 branch of the dungeon, and saw 1 of its levels.

You collected 19 gold pieces.

Inventory:

Hand Weapons
 a - a +0 flail
 h - a +0 dagger (weapon)
Missiles
 d - 3 throwing nets (quivered)
 e - 20 bolts
Armour
 b - a +0 leather armour (worn)
 c - a +0 helmet (worn)
 f - a +0 robe
Scrolls
 g - a scroll of silence {unknown}


   Skills:
 + Level 2.4 Fighting
 + Level 3.3 Maces & Flails
 + Level 1.9 Throwing
 + Level 2.6 Dodging


You had one spell level left.
You didn't know any spells.
Your spell library contained the following spells:

 Spells                   Type           Power      Damage    Failure   Level
 Animate Skeleton         Necr           0%         N/A       47%         1
 Pain                     Necr           0%         1d4       47%         1
 Corpse Rot               Necr/Air       0%         N/A       63%         2
 Agony                    Necr           0%         N/A       100%        5


Dungeon Overview and Level Annotations

Branches:
Dungeon (1/15)

Altars:
Kikubaaqudgha

Shops:
D:1 :


Innate Abilities, Weirdness & Mutations

You are immune to sickness and miasma.
Your stone body is resilient. (AC +2)
You are immune to poison.
You resist negative energy. (rN+)
You are resistant to electric shocks. (rElec)
You are resistant to unholy torment.
You are immune to petrification.


Message History

You see here a +0 dagger.
h - a +0 dagger An endoplasm comes into view.
A quokka comes into view.
h - a +0 dagger (weapon)
The endoplasm quivers.
A ball python comes into view.
The quokka closely misses you.
The ball python hisses angrily.
The quokka bites you.
You closely miss the quokka.
You recover from your berserk rage.
The ball python hisses angrily.
The quokka misses you. The endoplasm closely misses you.
You barely miss the quokka.
The quokka bites you but does no damage.
The endoplasm barely misses you. The ball python closely misses you.
The ball python grabs you. The ball python constricts you.
The quokka closely misses you.
You hit the quokka but do no damage. The ball python bites you.
The ball python constricts you. The endoplasm freezes you.
You are frozen.
The quokka barely misses you.
You barely miss the quokka. The ball python loses its grip on you.
The endoplasm completely misses you.
The quokka bites you but does no damage.
You hit the quokka but do no damage. The ball python closely misses you.
The ball python grabs you. The ball python constricts you.
The ball python misses you. The quokka closely misses you.
The endoplasm freezes you.
You are frozen.
* * * LOW HITPOINT WARNING * * *
The ball python bites you.
* * * LOW HITPOINT WARNING * * *
The ball python constricts you.
You barely miss the endoplasm. The ball python barely misses you.
The quokka bites you but does no damage.
The endoplasm freezes you.
You are frozen.
You die...
Kikubaaqudgha rasps: "You have failed me!
Welcome... oblivion!"

.......#.........#...#
#.#####............†..#
#. #.#..#####..#.#.# .
#.#..###......#.# .
###.......>...###.#
#...###.............#
#.# #.......#...#.#...#
#.# #..#...#.##..###.#
##J@S............#
##rS.......######
#w.#.######
.8.⌠(8.#.#.#
#.!...##.#.# ##.8.#
..#.# ##.# .##.# ## .#
#.#


You could see a dart slug, an endoplasm, a quokka and 2 ball pythons.

Vanquished Creatures
  A dart slug (D:1)
  A bat (D:1)
  2 endoplasms (D:1)
  3 goblins (D:1)
  3 hobgoblins (D:1)
  A ball python (D:1)
11 creatures vanquished.

Notes
Turn   | Place    | Note
-------+----------+-------------------------------------------
     0 | D:1      | jamesblauser the Gargoyle Gladiator began the quest for the
                  | Orb.
     0 | D:1      | Reached XP level 1. HP: 12/12 MP: 1/1
    46 | D:1      | Found Ymerph's Book Shop.
   114 | D:1      | Found a faded altar of an unknown god.
   117 | D:1      | Prayed at the altar of an unknown god.
   117 | D:1      | Became a worshipper of Kikubaaqudgha
   117 | D:1      | Reached * piety under Kikubaaqudgha
   117 | D:1      | Received a gift from Kikubaaqudgha
   122 | D:1      | Reached XP level 2. HP: 4/18 MP: 2/2
   513 | D:1      | Frozen to death by an endoplasm

Illustrated notes

Levels and vault maps discovered:
D:1:      lemuel_arrival_funnel, layout_loops_ring, serial_shops, shop,
          chequers_ecumenical_altar_grove, corexii_hall_statues_deadend,
          minmay_heptomino_w4

Action                   || total
-------------------------++-------
Melee: Flail             ||    26
       Dagger            ||     6
Throw: Throwing net      ||     1
  Use: Potion            ||     2
Armor: Leather armour    ||    17
Dodge: Dodged            ||    24
